 Dungeon Crawl Stone Soup version 0.21.1-1-g345015fe64 (webtiles) character file.

42 PikkenKukken the Firebug (level 3, -9/26 HPs)
             Began as a Draconian Fire Elementalist on June 5, 2018.
             Mangled by Crazy Yiuf
             ... wielding a +3 quarterstaff of chaos
              (10 damage)
             ... on level 1 of the Dungeon.
             The game lasted 00:07:04 (1697 turns).

PikkenKukken the Firebug (DrFE)                     Turns: 1697, Time: 00:07:05

Health: -9/26      AC:  5    Str: 10    XL:     3   Next: 35%
Magic:  1/6        EV: 12    Int: 16    God:
Gold:   73         SH:  0    Dex: 11    Spells: 1/7 levels left

rFire    . . .     SeeInvis .   c - +0 short sword
rCold    . . .     Gourm    .   (no shield)
rNeg     . . .     Faith    .   (armour unavailable)
rPois    .         Spirit   .   (helmet restricted)
rElec    .         Reflect  .   (no cloak)
rCorr    .         Harm     .   (no gloves)
MR       .....                  (no boots)
Stlth    +.........             (no amulet)
HPRegen  0.08/turn              (no ring)
MPRegen  0.10/turn              (no ring)

@: confused, very slightly contaminated, drained, invisible
A: unfitting armour, cold-blooded, AC +5
a: no special abilities


You were on level 1 of the Dungeon.
You were not hungry.

You visited 1 branch of the dungeon, and saw 2 of its levels.

You collected 73 gold pieces.

Inventory:

Hand Weapons
 c - a +0 short sword (weapon)
Scrolls
 d - 4 scrolls of identify {unknown}
 e - a scroll of fog {unknown}
 g - a scroll of teleportation {unknown}
 j - 4 scrolls of fear {unknown}
 l - a scroll of remove curse {unknown}
Potions
 f - a potion of resistance {unknown}
 i - a potion of brilliance {unknown}
 k - a potion of haste {unknown}
 m - a potion of agility {unknown}
Books
 a - a book of Flames

   Spells                             Type                      Level
   a - Flame Tongue                   Conjuration/Fire             1
   b - Throw Flame                    Conjuration/Fire             2
   c - Conjure Flame                  Conjuration/Fire             3
   d - Inner Flame                    Hexes/Fire                   3
   e - Sticky Flame                   Conjuration/Fire             4
   f - Fireball                       Conjuration/Fire             5
Comestibles
 b - 5 rations
 h - a chunk of flesh


   Skills:
 + Level 0.4(0.1) Short Blades
 + Level 2.0(1.7) Dodging
 - Level 1.9(1.6) Stealth
 + Level 2.5(2.2) Spellcasting
 + Level 1.2(0.9) Conjurations
 + Level 3.6(3.3) Fire Magic


You had one spell level left.
You knew the following spells:

 Your Spells              Type           Power        Failure   Level  Hunger
a - Flame Tongue          Conj/Fire      #....        9%          1    #......
b - Throw Flame           Conj/Fire      #.....       13%         2    ###....
c - Inner Flame           Hex/Fire       #.......     30%         3    ###....


Dungeon Overview and Level Annotations

Branches:
Dungeon (2/15)

Altars:

Annotations:
D:1 Crazy Yiuf


Innate Abilities, Weirdness & Mutations

Your plain brown scales are hard. (AC +5)
You cannot fit into any form of body armour.
You are cold-blooded and may be slowed by cold attacks.


Message History

You barely miss Crazy Yiuf.
Crazy Yiuf is almost dead.
Crazy Yiuf barely misses you.
You hit Crazy Yiuf but do no damage.
Your tail-slap misses Crazy Yiuf.
Crazy Yiuf is almost dead.
Crazy Yiuf hits you but does no damage.
You barely miss Crazy Yiuf.
Crazy Yiuf is almost dead.
Crazy Yiuf hits you with a quarterstaff of chaos!
You feel drained.
* * * LOW HITPOINT WARNING * * *
You hit Crazy Yiuf but do no damage.
Crazy Yiuf is almost dead.
Crazy Yiuf hits you with a quarterstaff of chaos.
* * * LOW HITPOINT WARNING * * *
You are confused.
You bump into the rock wall.
Crazy Yiuf closely misses you.
You bump into the rock wall.
Crazy Yiuf hits you but does no damage.
You are electrocuted!
You die... .#######.....###.#.# #.# .# ##...## #.#.#######.###### .# ##.## #.#.#PPPPPPPPPPPPP .# #.# #.#.#PPPPPP..<..PP .# #.# #.#.#PPPP..PPPPP.. .##### #.# #.#..PPP.PPP...PPP .....# #.### #.###PPP.PP.PPP.PP .....# #...# #g# #PP.PP.PP.PP.P .....# ###.# #@# #PP.P.PP.P.PPl .....# #.# #.# #PP.P.P.PPP.Pl .....# #.# #.# #PP.P.PP.P.PP. .....# #.# #.# #PP.PP.PP.PP.P .....#######.###.# #PPP.PP.PPP.PP ....)............# #PPP.PPP...PPP

.........#...###.###PPPP..PPPPP..
.####.###...........PPPPPP.....PP
.# #.# ######.###.#PPPPPPPP.PPPP


You could see Crazy Yiuf.

Vanquished Creatures
  3 oozes (D:1)
  2 leopard geckos
  2 giant cockroaches (D:1)
  2 hobgoblins (D:2)
  A ball python (D:2)
  5 bats
  3 frilled lizards (D:1)
  6 kobolds
  6 rats
30 creatures vanquished.

Notes
Turn   | Place    | Note
-------+----------+-------------------------------------------
     0 | D:1      | PikkenKukken the Draconian Fire Elementalist began the quest for the Orb.
     0 | D:1      | Reached XP level 1. HP: 14/14 MP: 3/3
    62 | D:1      | Reached XP level 2. HP: 17/20 MP: 1/5
   160 | D:1      | Learned a level 2 spell: Throw Flame
   776 | D:1      | Reached XP level 3. HP: 26/26 MP: 3/6
  1543 | D:2      | Learned a level 3 spell: Inner Flame
  1625 | D:2      | Found a runed door.
  1629 | D:2      | Noticed Crazy Yiuf
  1695 | D:1      | HP: 1/26 [Crazy Yiuf/quarterstaff of chaos (4)]
  1697 | D:1      | Mangled by Crazy Yiuf

Skill      XL: |  1  2 |
---------------+-------+-----
Dodging        | 2 |  2.0
Short Blades   | |  0.4
Stealth        | |  1.9
Spellcasting   | |  2.5
Conjurations   | |  1.2
Fire Magic     | |  3.6

Action                   || total
-------------------------++-------
Melee: Short sword       ||    46
       Tailslap          ||     3
 Cast: Flame Tongue      ||    19
       Throw Flame       ||    33
       Inner Flame       ||     1
  Eat: Chunk             ||     5
Armor: Skin              ||    22
Dodge: Dodged            ||    57
